cohdb
Replays
Latest Replays
All Replays
Popular Replays
Top Player Replays
Match Explorer
How It Works
Community
CoH3 Stats
Reddit
Sign in to upload your games and track your stats! →
Sign in with Steam
Match 44705741
Unlisted
Match 44705741
Overview
Messages
Build Orders
End
Royal Engineer Section
Construct Section Command Post
Selects Indian Artillery Battlegroup
Infantry Section
Vickers Machine Gun Team
Grenade Package
Construct Field Infirmary
Selects Towed ML 4.2-inch Heavy Mortar
Royal Engineer Section
Royal Engineer Section
Construct Platoon Command Post
Towed ML 4.2-inch Heavy Mortar
Selects Valour
Royal Engineer Section
Selects Gurkha Rifles Section
Humber Armored Car
Infantry Training
6-pounder Anti-tank Gun Team
Selects Off-map Airburst Barrage
Off-map Airburst Barrage
Royal Engineer Section
Off-map Airburst Barrage
Construct Company Command Post
Gurkha Rifles Section
Selects BL5.5 Artillery Emplacement
Crusader II Medium Tank
Royal Engineer Section
Off-map Airburst Barrage
Team Weapon Training
Foot Guards Section
Barnes
PADDY MAIN S.A.S
Wolftails
Husar
ffork
\**/NoobShall*NotPass\**/
0
0
Comments
sign in to comment!
No comments posted yet!